 Dungeon Crawl Stone Soup version 0.30-a0-748-ge6a52f7cba (webtiles) character file.

Game seed: 3619767625375350951

557 Dittersdorf the Trooper (level 7, -1/44 HPs)
             Began as a Gargoyle Fighter on Feb 8, 2023.
             Slain by a scorpion (3 damage)
             ... on level 5 of the Dungeon.
             The game lasted 00:03:49 (3995 turns).

Dittersdorf the Trooper (Gargoyle Fighter)          Turns: 3995, Time: 00:03:49

Health: -1/44      AC: 13    Str: 28    XL:     7   Next: 30%
Magic:  0/7        EV:  9    Int:  8    God:
Gold:   312        SH:  4    Dex:  9    Spells: 6/6 levels left

rFire   . . .      SeeInvis .    a - +0 flail
rCold   . . .      Faith    .    c - +0 buckler
rNeg    + . .      Spirit   +    b - +0 scale mail
rPois   ∞          Reflect  .    t - +0 helmet
rElec   +          Harm     .    (no cloak)
rCorr   .          Rampage  .    (no gloves)
Will    .....                    (no boots) Stlth
                                 n - amulet of guardian spirit
HPRegen 0.27/turn                l - +6 ring of strength
MPRegen 0.10/turn                o - ring of flight

@: flying
A: sickness immunity, AC +4, negative energy resistance 1, electricity
resistance, torment resistance 1, petrification resistance
a: no special abilities


You were on level 5 of the Dungeon.
You visited 2 branches of the dungeon, and saw 6 of its levels.

You collected 312 gold pieces.

Inventory:

Hand Weapons
 a - a +0 flail (weapon)
Armour
 b - a +0 scale mail (worn)
 c - a +0 buckler (worn)
 t - a +0 helmet (worn)
Jewellery
 l - a +6 ring of strength (left hand)
 n - an amulet of guardian spirit (around neck)
 o - a ring of flight (right hand)
Scrolls
 f - 2 scrolls of teleportation {unknown}
 h - a scroll of vulnerability {unknown}
 i - a scroll of silence {unknown}
 j - a scroll of magic mapping {unknown}
 p - a scroll of fog {unknown}
 q - a scroll of poison {unknown}
 r - a scroll of immolation {unknown}
 s - a scroll of fear {unknown}
 w - 3 scrolls of butterflies {unknown}
 x - a scroll of noise {unknown}
Potions
 d - 3 potions of might
 e - a potion of mutation {unknown}
 g - a potion of brilliance {unknown}
 k - a potion of magic {unknown}
 m - 2 potions of curing
 u - a potion of heal wounds
 v - a potion of haste {unknown}


   Skills:
 + Level 5.3 Fighting
 + Level 4.2 Maces & Flails
 + Level 5.2 Armour
 + Level 5.2 Shields


You had 6 spell levels left.
You didn't know any spells.
Your spell library contained the following spells:

 Spells                   Type           Power      Damage    Failure   Level
 Apportation              Tloc           0%         N/A       75%         1
 Necrotise                Necr           0%         1d4       75%         1
 Summon Small Mammal      Summ           0%         N/A       75%         1


Dungeon Overview and Level Annotations

Branches:
Dungeon (5/15)             Temple (1/1) D:4

Altars:
Ashenzari
Elyvilon
Fedhas
Gozag
Hepliaklqana
Kikubaaqudgha
Makhleb
Nemelex Xobeh
Qazlal
Ru
Sif Muna
Trog
Uskayaw
Wu Jian
Xom
Zin
The Shining One


Innate Abilities, Weirdness & Mutations

You are immune to sickness and miasma.
Your stone body is resilient. (AC +4)
You are immune to poison.
You resist negative energy. (rN+)
You are resistant to electric shocks. (rElec)
You are resistant to unholy torment.
You are immune to petrification.


Message History

Your Maces & Flails skill increases to level 4!
You barely miss the hound. The hound closely misses you.
You miss the hound. You block the hound's attack.
An orc priest comes into view. It is wielding a +0 mace.
The hound bites you but does no damage.
The orc priest moves out of view.
You hit the hound.
The hound is moderately wounded.
The hound bites you.
* * * LOW HITPOINT WARNING * * *
The hound bites you.
* * * LOW HITPOINT WARNING * * *
You thump the hound!
The hound is severely wounded.
The hound barely misses you. You block the hound's attack.
You sock the hound!
You kill the hound!
A centaur comes into view.
The centaur shouts!
You hit the orc warrior but do no damage.
The orc warrior hits you with a +0 long sword.
* * * LOW HITPOINT WARNING * * *
The orc warrior hits you but does no damage.
The orc warrior attacks as you move away!
You block the orc warrior's attack.
The orc warrior attacks as you move away!
You block the orc warrior's attack.
You see here 4 stones.
The orc warrior attacks as you move away!
The orc warrior hits you but does no damage.
The orc warrior attacks as you move away!
You block the orc warrior's attack.
The orc warrior attacks as you move away!
The orc warrior hits you with a +0 long sword!
* * * LOW HITPOINT WARNING * * *
The scorpion attacks as you move away! The scorpion barely misses you.
The scorpion attacks as you move away! The scorpion closely misses you.
The scorpion stings you.
* * * LOW HITPOINT WARNING * * *
The scorpion attacks as you move away! The scorpion stings you.
You die...

≈≈≈≈≈..#. ≈≈≈≈≈≈...
≈≈≈≈≈≈≈.. ≈≈≈≈≈≈c..
≈≈≈≈≈..# .≈≈≈..# ..≈..#
#.# #)..#
##.#.##.########.###
.##...##...##.#.@.<.......
.####.##...#..#s######.###
..............#o#
##s.###...# #.#.# #..#
#...# #.#c#
##.###...###..†######.#
#/.....(...c..#.......
#...............#
#...........#.#.#


You could see an orc warrior, a centaur and a scorpion.

Vanquished Creatures
  An ogre (D:5)
  A phantom (D:4)
  A bullfrog (D:3)
  A necrophage (D:4)
  A scorpion (D:4)
  A hound (D:5)
  An orc wizard (D:3)
  Robin (D:3)
  5 adders
  4 worms
  2 dart slugs
  4 orcs
  4 bats
  5 endoplasms
  4 giant cockroaches
  15 goblins
  10 hobgoblins
  6 jackals (D:2)
  7 kobolds
  3 quokkas
  7 ball pythons
  A frilled lizard (D:3)
  4 rats
89 creatures vanquished.

Notes
Turn   | Place    | Note
-------+----------+-------------------------------------------
     0 | D:1      | Dittersdorf the Gargoyle Fighter began the quest for the
                  | Orb.
     0 | D:1      | Reached XP level 1. HP: 14/14 MP: 1/1
   161 | D:1      | Reached XP level 2. HP: 19/19 MP: 2/2
   439 | D:1      | Reached XP level 3. HP: 22/23 MP: 3/3
  1199 | D:2      | Reached XP level 4. HP: 29/29 MP: 4/4
  1439 | D:2      | Found a faded altar of an unknown god.
  1707 | D:3      | Noticed a bullfrog
  1714 | D:3      | Killed a bullfrog
  1715 | D:3      | Reached XP level 5. HP: 33/33 MP: 5/5
  2086 | D:3      | Noticed Robin
  2138 | D:3      | Killed Robin
  2529 | D:3      | Reached XP level 6. HP: 39/39 MP: 6/6
  2766 | D:4      | Found a staircase to the Ecumenical Temple.
  2772 | Temple   | Entered the Ecumenical Temple
  3566 | D:4      | Reached skill level 5 in Fighting
  3566 | D:4      | Reached skill level 5 in Armour
  3566 | D:4      | Reached skill level 5 in Shields
  3566 | D:4      | Reached XP level 7. HP: 37/44 MP: 4/7
  3913 | D:5      | Entered Level 5 of the Dungeon
  3994 | D:5      | HP: 2/44 [scorpion (4)]
  3995 | D:5      | Slain by a scorpion

Illustrated notes

Levels and vault maps discovered:
D:1:      dpeg_arrival_concentric_ovals, layout_loops_ring
D:2:      layout_loops_ring, hellmonk_ecumenical_altar_crossroads
D:3:      layout_loops_ring, uniq_robin
D:4:      layout_layer_cave, minmay_temple_entry_hall
D:5:      minmay_angry_zag, layout_loops_ring, minmay_misc_feat_five,
          minmay_misc_feat_cross, minmay_holes, amcnicky_mini_pool_medium
Temple:   bh_familiar_temple

Skill      XL: |  1  2  3  4  5  6  7 |
---------------+----------------------+-----
Fighting       | 4 5 |  5.3
Maces & Flails | 3 4 |  4.2
Armour         | 4 5 |  5.2
Shields        | 4 5 |  5.2

Action                     |  1- 3 |  4- 6 |  7- 9 || total
---------------------------+-------+-------+-------++-------
  Melee: Flail             |   123 |   228 |    17 ||   368
    Use: Scroll            |       |     3 |       ||     3
 Armour: Scale mail        |    67 |   158 |     8 ||   233
  Dodge: Dodged            |    62 |   106 |     6 ||   174
  Block: Buckler           |    31 |    47 |     8 ||    86

Table legend: (Time is in decaauts)
 A = Elapsed time spent in this place.
 B = Non-inter-level travel time spent in this place.
 C = Inter-level travel time spent in this place.
 D = Time resting spent in this place.
 E = Time spent auto-exploring this place.
 F = Levels seen in this place.
 G = Mean time per level.
                   A        B        C        D        E       F      G
               +--------+--------+--------+--------+--------+-----+--------+
         Total |   4101 |   3941 |    160 |     18 |   3138 |   6 |  683.5 |
       Dungeon |   3939 |   3791 |    148 |     18 |   2993 |   5 |  787.8 |
        Temple |    162 |    150 |     12 |      0 |    145 |   1 |  162.0 |
               +--------+--------+--------+--------+--------+-----+--------+

Top non-repeatable levels by time:
     D:4: 1122 daAuts
     D:3: 992 daAuts
     D:2: 919 daAuts
     D:1: 819 daAuts
  Temple: 162 daAuts
     D:5: 85 daAuts
